[Event "Titled Tuesday Blitz January 31 Late 2023"]
[White "Richterova, Natasa"]
[Black "Roux, Baptiste"]
[WhiteFideId "350591"]
[BlackFideId "36017450"]
[WhiteElo "2191"]
[BlackElo "2300"]
[Result "1/2-1/2"]
[Round "03"]
[TimeControl "180+2"]
[Date "2023.01.31"]
[WhiteClock "0:00:07"]
[BlackClock "0:00:06"]

1. e4 c5 2. Nf3 a6 3. g3 b5 4. Bg2 Bb7 5. d3 e6 6. O-O Be7 7. Re1 d6 8. c3 Nd7 9. d4 cxd4 10. cxd4 Ngf6 11. Nbd2 O-O 12. b3 Rc8 13. Bb2 Qb6 14. Rc1 Rxc1 15. Qxc1 Rc8 16. Qb1 a5 17. Rc1 Rxc1+ 18. Bxc1 Qc6 19. Ne1 Qc3 20. Qb2 b4 21. Qxc3 bxc3 22. Nc4 a4 23. e5 Nd5 24. exd6 Bf8 25. Nc2 axb3 26. axb3 Ba6 27. Bxd5 exd5 28. N4e3 Nf6 29. f3 Bxd6 30. Kf2 Bd3 31. Ke1 Kf8 32. Kd1 Ke7 33. g4 Bxh2 34. g5 Nd7 35. Nxd5+ Kd6 36. Nxc3 Nb6 37. Ne4+ Ke7 38. Nf2 Bb5 39. Ne3 g6 40. Ne4 Bf4 41. Nf6 Bxe3 42. Bxe3 h5 43. Ne4 Nd5 44. Bf2 Nf4 45. Kd2 Ne6 46. Bh4 Bc6 47. Kd3 Bd5 48. b4 Nc7 49. Ke3 Ke6 50. Nc5+ Kf5 51. Nd3 Na6 52. Ne5 Nxb4 53. Nd7 Nc6 54. Nc5 Ne7 55. Nd3 Bb7 56. Kf2 Nd5 57. Ne5 Ke6 58. Nd3 f6 59. Nc5+ Kf5 60. Nxb7 fxg5 61. Bg3 h4 62. Bd6 g4 63. fxg4+ Kxg4 64. Nc5 g5 65. Ne4 Kf5 66. Nxg5 Kxg5 67. Kf3 Kf5 68. Bb8 Nf6 69. Bc7 Ne4 70. Bb8 h3 71. Bc7 Nf6 72. Bb8 Ng4 73. Kg3 h2 74. Kg2 Kg5 75. Bxh2 Kf5 76. Bg3 Ne3+ 77. Kf3 Nc4 78. Be5 Ke6 79. Ke4 Nd2+ 80. Kd3 Nb3 81. Ke4 Na5 82. d5+ Kd7 83. Bd4 Nb7 84. Ke5 Nd8 85. Bb6 Nf7+ 86. Kf6 Kd6 87. Bg1 Kxd5 1/2-1/2


[Site "https://www.chess.com"]

[Event "Titled Tuesday Blitz January 31 Late 2023"]
[White "Gutkin, Ilya"]
[Black "Slade, Theodore"]
[WhiteFideId "16203470"]
[BlackFideId "426547"]
[WhiteElo "2273"]
[BlackElo "1995"]
[Result "0-1"]
[Round "03"]
[TimeControl "180+2"]
[Date "2023.01.31"]
[WhiteClock "0:00:03"]
[BlackClock "0:01:27"]

1. Nf3 d5 2. g3 Nf6 3. Bg2 e6 4. d4 Be7 5. c4 O-O 6. Qc2 c5 7. dxc5 Na6 8. O-O Nxc5 9. cxd5 Nxd5 10. Rd1 Nb4 11. Qd2 Qxd2 12. Rxd2 Ne4 13. Rd4 f5 14. Na3 Bc5 15. Rc4 Bxf2+ 16. Kf1 Nd5 17. Ne5 Be3 18. Ke1 Nd6 19. Rc2 Bd4 20. Nf3 Bb6 21. Bd2 Bd7 0-1


[Site "https://www.chess.com"]

[Event "Titled Tuesday Blitz January 31 Late 2023"]
[White "ritanovikova"]
[Black "Poltorak, Sebastian"]
[BlackFideId "1199498"]
[WhiteElo "2217"]
[BlackElo "2354"]
[Result "0-1"]
[Round "03"]
[TimeControl "180+2"]
[Date "2023.01.31"]
[WhiteClock "0:00:10"]
[BlackClock "0:00:08"]

1. e4 c6 2. d4 d5 3. Nd2 dxe4 4. Nxe4 Bf5 5. Ng3 Bg6 6. h4 h6 7. h5 Bh7 8. Nf3 e6 9. Bd3 Bxd3 10. Qxd3 Nf6 11. Bf4 Qa5+ 12. Bd2 Qd8 13. Bf4 Qa5+ 14. Bd2 Qb6 15. O-O-O Nbd7 16. Rhe1 O-O-O 17. Qb3 Qxb3 18. axb3 Bd6 19. Ne5 Rhf8 20. f3 c5 21. Nxd7 Rxd7 22. Ne4 Nxe4 23. Rxe4 Rfd8 24. dxc5 Bxc5 25. Rc4 Rc7 26. Bf4 Rc6 27. Rxd8+ Kxd8 28. Rc3 Kd7 29. Rd3+ Ke7 30. g4 Bb6 31. Kd2 Bc7 32. Be3 Bb6 33. Bf4 Ba5+ 34. c3 a6 35. b4 Bb6 36. Be5 f6 37. Bd4 Bxd4 38. Rxd4 f5 39. Ke3 fxg4 40. Rxg4 Kf6 41. Rg6+ Kf7 42. f4 Rc7 43. Ke4 Rd7 44. Rg2 Rd1 45. Ke3 Rd5 46. Rh2 Kf6 47. Ke4 Rd1 48. Rg2 Rh1 49. Rg6+ Kf7 50. f5 exf5+ 51. Kf4 Rh4+ 52. Kf3 Rxh5 53. Rb6 Rh2 54. Rxb7+ Kf6 55. Rb6+ Kg5 56. Rxa6 Rxb2 57. Ra7 g6 58. Ke3 h5 59. Kd4 h4 60. Kc5 h3 61. Rh7 h2 62. b5 f4 63. b6 f3 64. Kc6 Rxb6+ 65. Kxb6 f2 66. Rxh2 f1=Q 67. Rh8 Qf6+ 68. Kc5 Qxh8 69. c4 Qc8+ 0-1


[Site "https://www.chess.com"]

[Event "Titled Tuesday Blitz January 31 Late 2023"]
[White "Sailer, Mike"]
[Black "ArchibaldCerveza29"]
[WhiteFideId "2012901"]
[WhiteElo "2109"]
[BlackElo "2532"]
[Result "0-1"]
[Round "03"]
[TimeControl "180+2"]
[Date "2023.01.31"]
[WhiteClock "0:00:02"]
[BlackClock "0:02:06"]

1. d4 d5 2. Bf4 c5 3. e3 Nc6 4. Nc3 cxd4 5. exd4 a6 6. Nf3 Nf6 7. Bd3 Bg4 8. h3 Bxf3 9. Qxf3 Nxd4 10. Qd1 Nc6 11. O-O e6 12. Re1 Bd6 13. Bg5 Be7 14. a3 O-O 15. b4 Rc8 16. Ne2 h6 17. Bh4 Ne5 18. Nd4 Nxd3 19. Qxd3 Ne4 20. Bxe7 Qxe7 21. f3 Nd6 22. f4 Qf6 23. Rf1 Ne4 24. Rae1 Rc3 25. Qd1 Rfc8 26. b5 R8c4 27. Nb3 axb5 28. Na5 Rc8 29. Nxb7 Rxc2 30. Qd3 Qg6 31. g4 R8c3 32. Qxb5 Rxh3 33. Qe8+ Kh7 34. g5 Rg3+ 35. Kh1 Qh5# 0-1


[Site "https://www.chess.com"]

[Event "Titled Tuesday Blitz January 31 Late 2023"]
[White "Dobrikov, Marco"]
[Black "Hartikainen, Jarmo"]
[WhiteFideId "12950378"]
[BlackFideId "503134"]
[WhiteElo "2269"]
[BlackElo "2108"]
[Result "1-0"]
[Round "03"]
[TimeControl "180+2"]
[Date "2023.01.31"]
[WhiteClock "0:01:10"]
[BlackClock "0:00:01"]

1. g3 g6 2. Bg2 Bg7 3. Nf3 Nf6 4. O-O O-O 5. d3 d5 6. Nbd2 c6 7. c3 Nbd7 8. Re1 e5 9. e4 Re8 10. Qc2 b6 11. a4 a5 12. b3 Bb7 13. Ba3 c5 14. exd5 Nxd5 15. Nc4 Qc7 16. Rad1 Rad8 17. Bc1 h6 18. h4 N5f6 19. Re2 Re7 20. Rde1 Rde8 21. Bf4 Ng4 22. Bd2 Ba6 23. Nh2 Nxh2 24. Kxh2 Bxc4 25. bxc4 Qd6 26. Rb1 Kh7 27. Be3 f5 28. h5 g5 29. g4 f4 30. Be4+ Kh8 31. Bd2 Nf6 32. Bf5 Rb8 33. f3 Nd7 34. Be1 Ree8 35. Bf2 Nf6 36. Rb5 Nd7 37. Qd1 Kg8 38. Reb2 Re7 39. Qe2 Kf8 40. Kg2 Rf7 41. Qe4 Re7 42. Bxd7 Rxd7 43. Bxc5 bxc5 44. Rxb8+ Rd8 45. Rxd8+ Qxd8 46. Qd5 Qxd5 47. cxd5 e4 48. dxe4 Bxc3 49. Rb5 1-0


[Site "https://www.chess.com"]

[Event "Titled Tuesday Blitz January 31 Late 2023"]
[White "Ehlvest, Jaan"]
[Black "Rocks, Daniel"]
[WhiteFideId "4500016"]
[BlackFideId "2402408"]
[WhiteElo "2530"]
[BlackElo "2008"]
[Result "1/2-1/2"]
[Round "03"]
[TimeControl "180+2"]
[Date "2023.01.31"]
[WhiteClock "0:00:47"]
[BlackClock "0:00:48"]

1. e4 c5 2. Nf3 d6 3. d4 cxd4 4. Nxd4 Nf6 5. Nc3 g6 6. Be3 Bg7 7. Qd2 h5 8. f3 a6 9. O-O-O b5 10. Kb1 Bb7 11. Be2 Nbd7 12. Rhe1 Nb6 13. Bg5 b4 14. Nd5 Nbxd5 15. exd5 Bxd5 16. Qxb4 Rb8 17. Qa4+ Qd7 18. Qxd7+ Nxd7 19. Bxa6 f6 20. Bh4 Bxa2+ 21. Kxa2 Ra8 22. Ne6 Rxa6+ 23. Kb1 Kf7 24. Nxg7 Rha8 25. b4 Ne5 26. c3 Nc4 27. Kc2 Ra2+ 28. Kb3 Nb6 29. b5 R8a3+ 30. Kb4 Ra4+ 31. Kb3 1/2-1/2


[Site "https://www.chess.com"]

[Event "Titled Tuesday Blitz January 31 Late 2023"]
[White "Gurevich, Dmitry"]
[Black "Acosta Cruz, Oscar Yosimar"]
[WhiteFideId "2000407"]
[BlackFideId "5111269"]
[WhiteElo "2393"]
[BlackElo "2098"]
[Result "1-0"]
[Round "03"]
[TimeControl "180+2"]
[Date "2023.01.31"]
[WhiteClock "0:00:13"]
[BlackClock "0:00:14"]

1. d4 Nf6 2. c4 c6 3. Bf4 d5 4. e3 a6 5. Nc3 e6 6. Nf3 Bd6 7. Bg3 b5 8. c5 Be7 9. h3 Nbd7 10. Bd3 O-O 11. O-O Re8 12. a4 b4 13. Ne2 a5 14. Nf4 Bf8 15. Be2 Ne4 16. Bh2 g6 17. Nd3 Bg7 18. Qc2 f6 19. Rfd1 Ba6 20. Nf4 Bxe2 21. Nxe2 e5 22. Ng3 Nxg3 23. Bxg3 e4 24. Nd2 f5 25. Bd6 Bf8 26. Bh2 Bh6 27. Rf1 Nf8 28. Rae1 Ne6 29. f3 Rf8 30. Bd6 Rf7 31. fxe4 fxe4 32. Rxf7 Kxf7 33. Nf1 Kg8 34. Qe2 Bf8 35. Qg4 Qd7 36. Bh2 Bg7 37. Ng3 Rf8 38. Rf1 Rxf1+ 39. Nxf1 Qf7 40. Qg3 Qd7 41. Qb8+ Kf7 42. Qa8 Nxd4 43. exd4 Bxd4+ 44. Kh1 Bxb2 45. Qxa5 Bc3 46. Qb6 d4 47. a5 d3 48. a6 d2 49. Nxd2 Bxd2 50. Qb7 Ke6 51. Qxd7+ Kxd7 52. a7 e3 53. a8=Q e2 54. Qb7+ Ke6 55. Qxc6+ Kf7 56. Qd5+ Kg7 57. Qxd2 1-0


[Site "https://www.chess.com"]

[Event "Titled Tuesday Blitz January 31 Late 2023"]
[White "Bilych, Olexiy"]
[Black "SilverCityIndigo"]
[WhiteFideId "14156504"]
[WhiteElo "2441"]
[BlackElo "2443"]
[Result "1-0"]
[Round "03"]
[TimeControl "180+2"]
[Date "2023.01.31"]
[WhiteClock "0:00:53"]
[BlackClock "0:00:22"]

1. d4 Nf6 2. c4 e6 3. Nf3 d5 4. cxd5 exd5 5. Nc3 Bf5 6. Qb3 Nc6 7. Bg5 Na5 8. Qa4+ c6 9. Bxf6 gxf6 10. e3 b5 11. Qd1 Nc4 12. Bxc4 bxc4 13. O-O Qb6 14. b3 Qa5 15. Na4 c3 16. Rc1 c2 17. Rxc2 Bxc2 18. Qxc2 Rc8 19. Qf5 Qd8 20. e4 Be7 21. Re1 O-O 22. Re3 dxe4 23. Ng5 fxg5 24. Rh3 1-0


[Site "https://www.chess.com"]

[Event "Titled Tuesday Blitz January 31 Late 2023"]
[White "Zeman, Matyas"]
[Black "Do Valle Cardoso, Lucas"]
[WhiteFideId "364398"]
[BlackFideId "2163144"]
[WhiteElo "2296"]
[BlackElo "2250"]
[Result "0-1"]
[Round "03"]
[TimeControl "180+2"]
[Date "2023.01.31"]
[WhiteClock "0:00:29"]
[BlackClock "0:00:26"]

1. d4 d5 2. Bf4 c5 3. e3 Nc6 4. c3 Qb6 5. Qb3 c4 6. Qc2 e5 7. dxe5 Bf5 8. Qc1 g5 9. Bg3 h5 10. h4 g4 11. Nd2 Bg7 12. e4 Bxe4 13. Nxe4 dxe4 14. Bxc4 Bxe5 15. Ne2 Nge7 16. O-O O-O-O 17. Bxf7 Rdf8 18. Be6+ Kb8 19. Qg5 Qc7 20. Rad1 Bxg3 21. Nxg3 e3 22. Qxe3 Rf6 23. Bd5 Ne5 24. Ne4 Nf5 25. Qg5 Rff8 26. Rfe1 Qb6 27. Qf4 Qc7 28. Nc5 Nf3+ 29. Bxf3 Qxf4 30. Nd7+ Kc7 31. Nxf8 Rxf8 32. Be4 Nxh4 33. Re2 g3 34. f3 Rf7 35. Red2 Nf5 36. Rd5 b6 37. a4 Ne3 0-1


[Site "https://www.chess.com"]

[Event "Titled Tuesday Blitz January 31 Late 2023"]
[White "Rengifo Blancas, Renzo Jhonathan"]
[Black "Omelja, Artem"]
[WhiteFideId "3807185"]
[BlackFideId "14119846"]
[WhiteElo "2131"]
[BlackElo "2446"]
[Result "0-1"]
[Round "03"]
[TimeControl "180+2"]
[Date "2023.01.31"]
[WhiteClock "0:00:47"]
[BlackClock "0:01:09"]

1. d4 Nf6 2. c4 e6 3. Nc3 d5 4. Nf3 c6 5. cxd5 exd5 6. e3 Bd6 7. Bd3 O-O 8. O-O Re8 9. b3 Ne4 10. Bb2 f5 11. Ne2 Nd7 12. g3 Qf6 13. Bc2 Qh6 14. Nf4 Ndf6 15. Nd3 Ng4 16. Kg2 Ng5 17. h4 Ne4 18. Bc1 Qg6 19. Nf4 Bxf4 20. exf4 Ngxf2 0-1


[Site "https://www.chess.com"]

[Event "Titled Tuesday Blitz January 31 Late 2023"]
[White "Figorito, Nick"]
[Black "Taboas Rodriguez, Daniel"]
[WhiteFideId "30923689"]
[BlackFideId "2208466"]
[WhiteElo "2036"]
[BlackElo "2371"]
[Result "0-1"]
[Round "03"]
[TimeControl "180+2"]
[Date "2023.01.31"]
[WhiteClock "0:01:12"]
[BlackClock "0:01:29"]

1. Nf3 Nf6 2. g3 b6 3. Bg2 Bb7 4. O-O g6 5. c4 Bg7 6. Nc3 O-O 7. d3 c5 8. Rb1 d5 9. cxd5 Nxd5 10. Nxd5 Qxd5 11. b3 Nc6 12. Bb2 Nd4 13. Bxd4 Bxd4 14. Nh4 Qd7 15. Bxb7 Qxb7 16. Nf3 Rfd8 17. Qc2 Bf6 18. a4 Rd5 19. b4 cxb4 20. Rxb4 Rc8 21. Rc4 Rxc4 22. Qxc4 Rc5 23. Qg4 h5 24. Qb4 Bc3 25. Qb3 Qc6 26. Rc1 Bf6 27. Rxc5 Qxc5 28. h4 a6 29. Kg2 b5 30. axb5 Qxb5 31. Qc2 a5 32. Qc8+ Kg7 33. Qa8 a4 34. d4 Qb4 35. e3 a3 36. Ne5 Bxe5 37. dxe5 Qb2 38. Qa7 a2 39. Qxe7 a1=Q 40. Qf6+ Kg8 41. Qd8+ Kh7 42. Qd7 Qa8+ 0-1


[Site "https://www.chess.com"]

[Event "Titled Tuesday Blitz January 31 Late 2023"]
[White "Dzida, Kamil"]
[Black "Hernandez Sanchez, Elvis De La Caridad"]
[WhiteFideId "21828652"]
[BlackFideId "6400353"]
[WhiteElo "2352"]
[BlackElo "2243"]
[Result "1-0"]
[Round "03"]
[TimeControl "180+2"]
[Date "2023.01.31"]
[WhiteClock "0:00:51"]
[BlackClock "0:00:10"]

1. d4 Nf6 2. Nf3 c5 3. d5 b5 4. Bg5 Ne4 5. Nbd2 Nxg5 6. Nxg5 d6 7. a4 bxa4 8. e3 Nd7 9. Bb5 e5 10. dxe6 Qxg5 11. Qf3 Rb8 12. Bxd7+ Kd8 13. Bxc8 Rxc8 14. exf7 Qf6 15. Qxf6+ gxf6 16. Rxa4 Rc7 17. O-O Rxf7 18. Rfa1 Rb7 19. b3 f5 20. Rxa7 Kc7 21. Nc4 d5 22. Nd2 Bg7 23. R1a5 Bf8 24. Nb1 Kb6 25. R5a6+ Kc7 26. Nc3 Rxa7 27. Rxa7+ Kd6 28. Ra8 Bg7 29. Rxh8 Bxh8 30. Ne2 d4 31. exd4 cxd4 32. Nc1 Kd5 33. Nd3 Bf6 34. Kf1 Bd8 35. Ke2 Bc7 36. g3 h5 37. Kf3 Ke6 38. Nf4+ Kd6 39. Nxh5 Kc5 40. Nf4 Kb4 41. Nd5+ Ka3 42. Nxc7 Kb2 43. Nb5 Kxc2 44. Nxd4+ 1-0


[Site "https://www.chess.com"]

[Event "Titled Tuesday Blitz January 31 Late 2023"]
[White "Foerster-Yialamas, Lucas"]
[Black "Veiga, Jose Francisco R P Neves"]
[WhiteFideId "30901774"]
[BlackFideId "1930087"]
[WhiteElo "2151"]
[BlackElo "2406"]
[Result "0-1"]
[Round "03"]
[TimeControl "180+2"]
[Date "2023.01.31"]
[WhiteClock "0:01:12"]
[BlackClock "0:00:22"]

1. Nf3 Nc6 2. d4 d6 3. b3 g6 4. Bb2 Bg7 5. c4 Bg4 6. e4 e5 7. d5 Nd4 8. Be2 Bxf3 9. Bxf3 c5 10. Nc3 Nf6 11. h4 h5 12. g3 a6 13. Qd3 Qd7 14. Bg2 b5 15. Bh3 Qb7 16. Rb1 O-O 17. O-O bxc4 18. bxc4 Qc7 19. Bc1 Rfb8 20. Rxb8+ Rxb8 21. f4 Qa5 22. fxe5 dxe5 23. Kh1 Ne8 24. g4 hxg4 25. Bxg4 Nd6 26. h5 gxh5 27. Bxh5 Qd8 28. Qg3 Kf8 29. Rg1 Qf6 30. Bg5 Nxe4 31. Nxe4 Qf5 32. Nd6 Qc2 33. Bh6 Bxh6 34. Qg8+ Ke7 35. Qxf7+ Kxd6 36. Rg6+ Qxg6 37. Qxg6+ Kc7 38. Qxh6 Rb1+ 39. Kg2 Rb2+ 40. Kg3 Nf5+ 41. Kg4 Nxh6+ 42. Kg5 Ng8 43. Kf5 Kd6 0-1


[Site "https://www.chess.com"]

[Event "Titled Tuesday Blitz January 31 Late 2023"]
[White "Szyszylo, Rafal"]
[Black "Ronka, Erik"]
[WhiteFideId "1109626"]
[BlackFideId "505080"]
[WhiteElo "2091"]
[BlackElo "2276"]
[Result "0-1"]
[Round "03"]
[TimeControl "180+2"]
[Date "2023.01.31"]
[WhiteClock "0:00:05"]
[BlackClock "0:00:14"]

1. e4 c5 2. Nf3 b6 3. d4 cxd4 4. Nxd4 Bb7 5. Bd3 e6 6. Nc3 a6 7. Qe2 Bb4 8. Bd2 Ne7 9. h4 Qc7 10. O-O-O b5 11. Kb1 Bc5 12. Nb3 Bb6 13. Qg4 g6 14. f4 Nbc6 15. h5 O-O-O 16. e5 Nf5 17. Rhe1 d5 18. exd6 Nxd6 19. Ne4 Nxe4 20. Bxe4 f5 21. Qh3 fxe4 22. Qxe6+ Kb8 23. Qxe4 Nd4 24. Qd3 Nf3 0-1


[Site "https://www.chess.com"]

[Event "Titled Tuesday Blitz January 31 Late 2023"]
[White "Viana Da Costa, Fernando"]
[Black "Urbina Quiroz, Edwin"]
[WhiteFideId "2111900"]
[BlackFideId "6500650"]
[WhiteElo "2228"]
[BlackElo "2129"]
[Result "1-0"]
[Round "03"]
[TimeControl "180+2"]
[Date "2023.01.31"]
[WhiteClock "0:02:40"]
[BlackClock "0:01:50"]

1. d4 d5 2. c4 e6 3. Nc3 Nf6 4. Nf3 Be7 5. Bg5 h6 6. Bh4 O-O 7. e3 b6 8. cxd5 Nxd5 9. Bxe7 Qxe7 10. Nxd5 exd5 11. Rc1 c5 12. dxc5 bxc5 13. Qxd5 Bb7 14. Qxc5 Qxc5 15. Rxc5 Nc6 16. Ba6 Bxa6 17. Rxc6 Bb5 18. Rc5 Rab8 19. Nd4 Bd3 20. Kd2 Be4 21. f3 Ba8 22. b3 Rfd8 23. Rhc1 g6 24. Rc7 a5 25. Ra7 1-0


[Site "https://www.chess.com"]

[Event "Titled Tuesday Blitz January 31 Late 2023"]
[White "Bambino Filho, Antonio Carlos"]
[Black "Vaglio Munoz, Jaime"]
[WhiteFideId "2113163"]
[BlackFideId "6500145"]
[WhiteElo "2144"]
[BlackElo "2174"]
[Result "1-0"]
[Round "03"]
[TimeControl "180+2"]
[Date "2023.01.31"]
[WhiteClock "0:00:25"]
[BlackClock "0:00:03"]

1. d4 g6 2. e4 Bg7 3. Nc3 d6 4. Nf3 Nd7 5. Be2 e5 6. O-O Ne7 7. dxe5 dxe5 8. Bc4 O-O 9. Be3 h6 10. Qd2 Kh7 11. Rad1 c6 12. a4 Qa5 13. Qd6 Qd8 14. Bc5 Ng8 15. Qd2 Ne7 16. Qd6 Ng8 17. h4 Qe8 18. Ba3 Nb6 19. Bb3 Be6 20. a5 Bxb3 21. cxb3 Nc8 22. Qc7 Nce7 23. Rd7 Rc8 24. Qxb7 Bf6 25. Rfd1 Rb8 26. Qxa7 Rxb3 27. Qc7 Qc8 28. a6 Qxc7 29. Rxc7 Re8 30. Rdd7 Rb6 31. a7 Ra6 32. Bc5 1-0


[Site "https://www.chess.com"]

[Event "Titled Tuesday Blitz January 31 Late 2023"]
[White "Andreassen, Lars"]
[Black "Poeta, Caio Medeiros"]
[WhiteFideId "1504878"]
[BlackFideId "2142660"]
[WhiteElo "2168"]
[BlackElo "2088"]
[Result "1-0"]
[Round "03"]
[TimeControl "180+2"]
[Date "2023.01.31"]
[WhiteClock "0:00:38"]
[BlackClock "0:01:01"]

1. d4 Nf6 2. Nf3 e6 3. Bg5 Be7 4. Nc3 d5 5. Bxf6 Bxf6 6. e4 O-O 7. e5 Be7 8. Ne2 c5 9. c3 Nc6 10. Ng3 f6 11. Bd3 cxd4 12. cxd4 fxe5 13. dxe5 Bb4+ 14. Kf1 Bc5 15. h4 Nxe5 16. Bxh7+ Kh8 17. Rc1 Nxf3 18. gxf3 Bxf2 19. Kxf2 Qb6+ 20. Kg2 Kxh7 21. Qd3+ Kg8 22. h5 Qxb2+ 23. Rc2 Qf6 24. h6 g6 25. h7+ Kg7 26. Rc7+ Kh8 27. Rh6 b6 28. Rxg6 Qa1 29. Rg8+ Rxg8 30. hxg8=Q+ Kxg8 31. Qg6+ Kf8 32. Qf7# 1-0


[Site "https://www.chess.com"]

[Event "Titled Tuesday Blitz January 31 Late 2023"]
[White "Kaplan, Avi Harrison"]
[Black "Good, Daniel"]
[WhiteFideId "30934559"]
[BlackFideId "1302388"]
[WhiteElo "2146"]
[BlackElo "2141"]
[Result "0-1"]
[Round "03"]
[TimeControl "180+2"]
[Date "2023.01.31"]
[WhiteClock "0:00:08"]
[BlackClock "0:00:11"]

1. b3 d5 2. Bb2 c5 3. Nf3 Nc6 4. e3 Nf6 5. c4 d4 6. exd4 cxd4 7. b4 Nxb4 8. Nxd4 e5 9. Qa4+ Bd7 10. Nb5 a6 11. a3 axb5 12. Qb3 Nc6 13. cxb5 Be6 14. Qf3 Nd4 15. Bxd4 Qxd4 16. Nc3 Bc5 17. a4 Rd8 18. Rd1 Bb3 19. Ne2 Qxf2+ 20. Qxf2 Bxf2+ 21. Kxf2 Bxd1 22. Nc3 Bb3 23. Ke1 O-O 24. Be2 Nd5 25. Rf1 Nxc3 26. dxc3 Rc8 27. Kd2 Rfd8+ 28. Kc1 Rxc3+ 29. Kb2 Rc2+ 30. Kxb3 Rxe2 31. Kb4 b6 32. Rc1 Rxg2 33. Rc6 e4 34. Rxb6 e3 35. Rc6 e2 36. Rc1 f5 37. b6 Rg4+ 38. Kb5 Re4 39. Re1 f4 40. Kc6 Rc4+ 41. Kb7 f3 42. a5 f2 43. Rxe2 f1=Q 44. Re7 Qf3+ 45. Ka6 Ra8+ 46. Ra7 Qc6 47. h4 Ra4 48. Rxa8+ Qxa8+ 49. Kb5 Qxa5+ 50. Kc6 Rc4+ 51. Kb7 Rb4 52. Kc8 Rxb6 53. h5 Qa8+ 54. Kc7 Qa7+ 55. Kd8 Rb8# 0-1


[Site "https://www.chess.com"]

[Event "Titled Tuesday Blitz January 31 Late 2023"]
[White "Pein, Jonathan"]
[Black "Curtis, John"]
[WhiteFideId "417092"]
[BlackFideId "3200256"]
[WhiteElo "2265"]
[BlackElo "2292"]
[Result "1-0"]
[Round "03"]
[TimeControl "180+2"]
[Date "2023.01.31"]
[WhiteClock "0:00:18"]
[BlackClock "0:00:01"]

1. b3 c5 2. Bb2 Nc6 3. Nf3 d5 4. g3 f6 5. d4 cxd4 6. Nxd4 Nxd4 7. Qxd4 e5 8. Qd2 Be6 9. Bg2 Bc5 10. O-O Ne7 11. e3 O-O 12. Nc3 a6 13. Ne2 Qd7 14. Rfd1 Rfd8 15. c4 Rac8 16. Rac1 Qe8 17. cxd5 Bxd5 18. Bxd5+ Rxd5 19. Qa5 Nc6 20. Qa4 Rxd1+ 21. Rxd1 Qe6 22. Nc3 Bf8 23. Qe4 Rd8 24. Rxd8 Nxd8 25. Kg2 Qc6 26. Qd5+ Qxd5+ 27. Nxd5 Kf7 28. e4 Bc5 29. f4 exf4 30. gxf4 Nc6 31. Kf3 Nb4 32. Nc3 Nd3 33. Na4 Be7 34. Bd4 b5 35. Nc3 b4 36. Nd5 Nc1 37. Ke3 Nxa2 38. Kd2 Bf8 39. Kc2 1-0


[Site "https://www.chess.com"]

[Event "Titled Tuesday Blitz January 31 Late 2023"]
[White "Kosakowski, Jakub"]
[Black "Mazibuko, Khanya"]
[WhiteFideId "1185080"]
[BlackFideId "14321041"]
[WhiteElo "2485"]
[BlackElo "1913"]
[Result "1-0"]
[Round "03"]
[TimeControl "180+2"]
[Date "2023.01.31"]
[WhiteClock "0:00:28"]
[BlackClock "0:00:06"]

1. e4 e5 2. Nf3 Nc6 3. Bb5 a6 4. Ba4 Nf6 5. O-O Be7 6. d3 b5 7. Bb3 d6 8. a3 Bg4 9. Be3 Nd4 10. Bxd4 exd4 11. h3 Bxf3 12. Qxf3 O-O 13. Nd2 c5 14. Qg3 Nh5 15. Qh2 Bg5 16. f4 Bh4 17. Rf3 Kh8 18. g4 Nf6 19. Rff1 Nd7 20. g5 f6 21. gxf6 Qxf6 22. Kh1 Qh6 23. Rf3 Rad8 24. Rg1 a5 25. a4 bxa4 26. Bxa4 Nf6 27. Bb3 Nh5 28. Rg4 Nf6 29. Rg1 Nh5 30. Rgf1 Rb8 31. Nc4 Qg6 32. Rg1 Qh6 33. f5 Rbd8 34. Nxa5 g6 35. Nc6 Ra8 36. Bd5 gxf5 37. exf5 Nf6 38. Be6 d5 39. Ne5 Ra7 40. Rf4 Bg5 41. Rf3 Be3 42. Rgf1 c4 43. Rg3 Bf4 44. Rxf4 Ra1+ 45. Rg1 Rxg1+ 46. Kxg1 Rg8+ 47. Bxg8 1-0


[Site "https://www.chess.com"]

[Event "Titled Tuesday Blitz January 31 Late 2023"]
[White "Todev, Simeon"]
[Black "Tanenbaum, Zachary"]
[WhiteFideId "2925133"]
[BlackFideId "2060850"]
[WhiteElo "2033"]
[BlackElo "2261"]
[Result "1-0"]
[Round "03"]
[TimeControl "180+2"]
[Date "2023.01.31"]
[WhiteClock "0:00:03"]
[BlackClock "0:00:06"]

1. e4 e5 2. Nf3 Nc6 3. d4 exd4 4. Bc4 Nf6 5. O-O Nxe4 6. Re1 d5 7. Bxd5 Qxd5 8. Nc3 Qa5 9. Nxe4 Be6 10. Neg5 O-O-O 11. Nxe6 fxe6 12. Rxe6 Qh5 13. Bg5 Rd7 14. Qe2 Bd6 15. Bh4 d3 16. cxd3 Nd4 17. Nxd4 Bxh2+ 18. Kh1 Qxh4 19. Nf3 Qd8 20. Kxh2 Rxd3 21. Ne5 Rd2 22. Qg4 h5 23. Qh3 Kb8 24. Nf7 Qf8 25. Nxh8 a6 26. Qe3 Rd8 27. Ng6 Qf7 28. Re1 Qd7 29. Re8 Qd6+ 30. Qe5 Rxe8 31. Qxd6 Rxe1 32. Qd8+ Ka7 33. Qd4+ Kb8 34. Qxg7 h4 35. Nxh4 a5 36. f4 a4 37. f5 a3 38. bxa3 Re4 39. Nf3 b5 40. f6 b4 41. axb4 Rf4 42. f7 Kb7 43. f8=Q Rc4 44. Qe5 Rc6 45. Qb5+ Ka7 46. Qd5 Rh6+ 47. Kg1 Rc6 48. Qfc5+ Rb6 49. Qxc7+ Ka6 50. b5+ Ka5 51. Qdc6 Kb4 52. Qc3+ Ka4 53. Qa7+ Kxb5 54. Qaa5# 1-0


[Site "https://www.chess.com"]

[Event "Titled Tuesday Blitz January 31 Late 2023"]
[White "Itkis, Boris"]
[Black "Martinez Ramirez, Lennis"]
[WhiteFideId "1209167"]
[BlackFideId "3509079"]
[WhiteElo "2329"]
[BlackElo "2426"]
[Result "0-1"]
[Round "03"]
[TimeControl "180+2"]
[Date "2023.01.31"]
[WhiteClock "0:00:10"]
[BlackClock "0:01:11"]

1. e4 c5 2. Nf3 d6 3. d4 cxd4 4. Nxd4 Nf6 5. Nc3 a6 6. f3 e5 7. Nb3 Be6 8. Be3 h5 9. Qd2 Nbd7 10. O-O-O b5 11. Nd5 Bxd5 12. exd5 Nb6 13. Bg5 Nc4 14. Bxc4 bxc4 15. Na5 Rc8 16. Nc6 Qb6 17. Rhe1 Nd7 18. f4 f6 19. fxe5 dxe5 20. Be3 Bc5 21. Qf2 c3 22. bxc3 Rf8 23. Qf3 g6 24. Qh3 f5 25. Nxe5 Nxe5 26. Bxc5 Rxc5 27. Rxe5+ Kf7 28. Qe3 Rb8 29. Re7+ Kf8 30. Re6 Qb2+ 31. Kd2 Rxd5+ 32. Ke1 Rxd1+ 33. Kxd1 Rd8+ 34. Ke1 Qb1+ 35. Kf2 Qxc2+ 36. Qe2 Rd2 37. Re8+ Kg7 38. Re7+ Kh6 0-1


[Site "https://www.chess.com"]

[Event "Titled Tuesday Blitz January 31 Late 2023"]
[White "Adla, Diego"]
[Black "Alfaro, William"]
[WhiteFideId "100072"]
[BlackFideId "6100457"]
[WhiteElo "2383"]
[BlackElo "2134"]
[Result "1-0"]
[Round "03"]
[TimeControl "180+2"]
[Date "2023.01.31"]
[WhiteClock "0:00:58"]
[BlackClock "0:00:36"]

1. Nf3 Nf6 2. g3 g6 3. b3 Bg7 4. Bb2 O-O 5. Bg2 d6 6. d4 b6 7. Ne5 d5 8. c4 Bb7 9. O-O e6 10. Nc3 c5 11. cxd5 exd5 12. dxc5 bxc5 13. Na4 Na6 14. Rc1 Qd6 15. Nd3 Rac8 16. Nf4 Rfd8 17. Qd2 Bc6 18. Qa5 Bxa4 19. Qxa4 Qc6 20. Qxc6 Rxc6 21. Bxf6 Bxf6 22. Nxd5 Rcd6 23. e4 Bd4 24. Rfd1 Rb8 25. Bf1 Kg7 26. Bc4 Rbd8 27. Kg2 Nb8 28. b4 Nd7 29. bxc5 Bxc5 30. Bb3 Ba3 31. Nc7 Ne5 32. Rxd6 Rxd6 33. Ne8+ Kh6 34. Nxd6 Bxc1 35. f4 Nd3 36. Nxf7+ Kg7 37. Nd6 g5 38. f5 Kf6 39. Kf3 h5 40. Ke2 Nc5 41. Nc4 g4 42. Bc2 Bh6 43. e5+ Ke7 44. Ne3 Nd7 45. Nd5+ Ke8 46. e6 Nb6 47. Nxb6 axb6 48. f6 Bg5 49. Bg6+ Kd8 50. e7+ 1-0


[Site "https://www.chess.com"]

[Event "Titled Tuesday Blitz January 31 Late 2023"]
[White "Sliwicki, Damian"]
[Black "Womacka, Mathias"]
[WhiteFideId "1127128"]
[BlackFideId "4611390"]
[WhiteElo "2158"]
[BlackElo "2396"]
[Result "1-0"]
[Round "03"]
[TimeControl "180+2"]
[Date "2023.01.31"]
[WhiteClock "0:01:52"]
[BlackClock "0:01:27"]

1. e4 c5 2. Nf3 d6 3. d4 cxd4 4. Qxd4 Nc6 5. Bb5 Bd7 6. Bxc6 Bxc6 7. Nc3 Nf6 8. Bg5 e6 9. O-O-O Be7 10. Rhe1 O-O 11. Kb1 Qa5 12. Qd2 Qa6 13. Nd4 Rfc8 14. f4 h6 15. h4 hxg5 16. hxg5 Nh7 17. g4 g6 18. Rh1 Kg7 19. Rxh7+ Kxh7 20. Qh2+ Kg8 21. Rh1 1-0


[Site "https://www.chess.com"]